 Dungeon Crawl Stone Soup version 0.20.1-1-g8b1a95d (webtiles) character file.

3729 tmwrnj the Basher (level 10, -4/88 HPs)
             Began as a Hill Orc Fighter on Sept 28, 2017.
             Was a Follower of Beogh.
             Killed from afar by an electric eel (9 damage)
             ... with a bolt of electricity
             ... on level 8 of the Dungeon.
             The game lasted 00:23:09 (7161 turns).

tmwrnj the Basher (Hill Orc Fighter)                Turns: 7161, Time: 00:23:10

Health: -4/88      AC: 17    Str: 22    XL:     10   Next: 14%
Magic:  10/10      EV:  8    Int:  8    God:    Beogh [*.....]
Gold:   326        SH: 12    Dex: 11    Spells: 9/9 levels left

rFire    . . .     SeeInvis .   a - +0 flail
rCold    . . .     Gourm    +   c - +1 shield
rNeg     . . .     Faith    .   D - +0 plate armour
rPois    .         Spirit   .   n - +2 helmet
rElec    .         Reflect  .   (no cloak)
rCorr    .         Harm     .   (no gloves)
MR       .....                  C - +0 pair of boots
Stlth    ..........             g - amulet of the gourmand
Regen    0.3/turn               F - +2 ring of evasion
MPRegen  0.2/turn               (no ring)

@: no status effects
A: no striking features
a: Renounce Religion


You were on level 8 of the Dungeon.
You worshipped Beogh.
Beogh was aware of your devotion.
You were full.

You visited 1 branch of the dungeon, and saw 8 of its levels.

You collected 326 gold pieces.

Inventory:

Hand Weapons
 a - a +0 flail (weapon)
Armour
 c - a +1 shield (worn)
 n - a +2 helmet (worn)
 C - a +0 pair of boots (worn)
 D - a +0 plate armour (worn)
Jewellery
 g - an amulet of the gourmand (around neck)
 r - an uncursed ring of ice
 F - a +2 ring of evasion (left hand)
Wands
 y - a wand of lightning (9/15)
 G - a wand of digging (5/24)
 H - a wand of acid (3/15)
 I - a wand of disintegration (19/24)
Scrolls
 e - 4 scrolls of recharging
 h - 3 scrolls of enchant weapon {unknown}
 k - 4 scrolls of enchant armour
 m - 2 scrolls of fear {unknown}
 o - 2 scrolls of random uselessness {unknown}
 q - 7 scrolls of identify
 s - 2 scrolls of amnesia {unknown}
 t - 2 scrolls of remove curse
 u - a scroll of immolation {unknown}
 A - 2 scrolls of acquirement {unknown}
Potions
 b - a potion of invisibility {unknown}
 d - a potion of might
 j - 2 potions of lignification {unknown}
 l - 3 potions of curing {unknown}
 p - 3 potions of agility
 w - 3 potions of brilliance {unknown}
 z - a potion of magic {unknown}
 E - a potion of haste
Books
 v - a book of Misfortune

   Spells                             Type                      Level
   a - Confusing Touch                Hexes                        1
   b - Confuse                        Hexes                        3
   c - Gell's Gravitas                Translocation                3
   d - Petrify                        Transmutation/Earth          4
   e - Metabolic Englaciation         Hexes/Ice                    5
   f - Yara's Violent Unravelling     Hexes/Transmutation          5
Comestibles
 f - 2 bread rations
 i - 3 meat rations
 x - 2 fruits
 B - 2 royal jellies


   Skills:
 + Level 7.7 Fighting
 + Level 9.9 Maces & Flails
 + Level 6.5 Armour
 + Level 2.3 Dodging
 + Level 1.5 Stealth
 + Level 8.6 Shields


You had 9 spell levels left.
You didn't know any spells.

Dungeon Overview and Level Annotations

Branches:
Dungeon (8/15)             Temple (0/1) D:7
   Lair: D:8-11

Altars:


Message History

The electric eel is heavily wounded.
The electric eel shoots out a bolt of lightning at you!
The bolt of electricity hits you! x2
* * * LOW HITPOINT WARNING * * *
You closely miss the electric eel.
The electric eel is heavily wounded.
The electric eel shoots out a bolt of lightning at you!
The bolt of electricity hits you!
* * * LOW HITPOINT WARNING * * *
The bolt of electricity hits you!
* * * LOW HITPOINT WARNING * * *
The electric eel shoots out a bolt of lightning at you!
The bolt of electricity hits you!
* * * LOW HITPOINT WARNING * * *
The electric eel shoots out a bolt of lightning at you!
The bolt of electricity hits you!
* * * LOW HITPOINT WARNING * * *
The electric eel shoots out a bolt of lightning at you!
The bolt of electricity hits you!
You die...

≈≈≈≈≈≈≈≈≈≈...............#
≈.≈≈..≈;.................#
.≈......≈.............[..##
......?......#+#######....###
.#.............÷....+.......
######.......#######..[....
###.....# #.......
#####.....# #.......
.......@..# ##)#####
........#.# ###[####
.........#.######...[..#
.......$.#.#....'......#
.........# #....#......#
#......#.# #....#......##
......#.. #....#......'.
......##. #...F#......##
####)#......##


You could see an electric eel.

Vanquished Creatures
  A two-headed ogre (D:8)
  4 ice beasts
  An orc warrior (D:6)
  A black bear (D:6)
  2 phantoms
  4 wolves (D:8)
  2 ogres
  2 sky beasts
  3 centaurs
  A big kobold (D:7)
  A bullfrog (D:8)
  2 scorpions (D:5)
  A wyvern skeleton (D:6)
  5 killer bees
  5 wights (D:8)
  An electric eel (D:8)
  A crimson imp (D:8)
  4 hounds (D:8)
  2 orc wizards (D:7)
  4 bullfrog skeletons
  A centaur skeleton (D:6)
  2 iguanas
  3 worker ants
  A hound zombie (D:5)
  2 hound skeletons (D:4)
  A worker ant zombie (D:8)
  6 gnolls (D:5)
  6 adders
  2 oozes
  A worm (D:2)
  2 leopard geckos
  5 orcs
  3 ball pythons
  6 giant cockroaches
  7 goblins
  8 hobgoblins
  8 jackals
  18 kobolds
  3 quokkas
  7 bats
  6 frilled lizards
  A rat (D:3)
146 creatures vanquished.

Notes
Turn   | Place    | Note
-------+----------+-------------------------------------------
     0 | D:1      | tmwrnj the Hill Orc Fighter began the quest for the Orb.
     0 | D:1      | Reached XP level 1. HP: 19/19 MP: 1/1
   116 | D:1      | Reached XP level 2. HP: 27/27 MP: 2/2
   616 | D:2      | Reached XP level 3. HP: 33/33 MP: 3/3
  1321 | D:3      | Reached XP level 4. HP: 40/40 MP: 4/4
  1476 | D:3      | Reached skill level 3 in Maces & Flails
  1858 | D:4      | Reached skill level 1 in Dodging
  1883 | D:4      | Reached XP level 5. HP: 43/46 MP: 5/5
  1983 | D:4      | Noticed a phantom
  2016 | D:4      | Noticed an ogre
  2019 | D:5      | Entered Level 5 of the Dungeon
  2028 | D:5      | Reached skill level 4 in Maces & Flails
  2214 | D:5      | Noticed an ice beast
  2334 | D:5      | Noticed a phantom
  2419 | D:6      | Noticed an ice beast
  2422 | D:6      | Reached XP level 6. HP: 27/53 MP: 6/6
  2437 | D:6      | Killed an ice beast
  2437 | D:6      | Reached skill level 5 in Shields
  2761 | D:6      | Noticed a sky beast
  2776 | D:6      | Killed a sky beast
  2776 | D:6      | Reached skill level 5 in Maces & Flails
  2776 | D:6      | Reached XP level 7. HP: 45/60 MP: 7/7
  2979 | D:4      | Reached skill level 5 in Fighting
  4082 | D:5      | Reached skill level 6 in Maces & Flails
  4130 | D:5      | Reached XP level 8. HP: 60/69 MP: 8/8
  4593 | D:5      | Reached skill level 7 in Maces & Flails
  4771 | D:6      | Reached skill level 1 in Stealth
  4902 | D:6      | Reached skill level 5 in Armour
  5064 | D:6      | Reached XP level 9. HP: 74/75 MP: 9/9
  5071 | D:6      | Became a worshipper of Beogh the Brigand
  5225 | D:7      | Reached skill level 8 in Maces & Flails
  5934 | D:7      | Found a staircase to the Ecumenical Temple.
  6168 | D:8      | Noticed a two-headed ogre
  6182 | D:8      | Reached skill level 9 in Maces & Flails
  6192 | D:8      | Killed a two-headed ogre
  6876 | D:8      | Reached XP level 10. HP: 64/86 MP: 10/10
  6879 | D:8      | Reached * piety under Beogh
  7161 | D:8      | Killed from afar by an electric eel

Skill      XL: |  1  2  3  4  5  6  7  8  9 |
---------------+----------------------------+-----
Fighting       | 4 5 6 7 |  7.7
Maces & Flails | 3 4 5 6 7 9 |  9.9
Shields        | 4 5 6 8 |  8.6
Dodging        | 1 2 |  2.3
Armour         | 4 5 6 |  6.5
Stealth        | 1 |  1.5

Action                   |  1- 3 |  4- 6 |  7- 9 | 10-12 || total
-------------------------+-------+-------+-------+-------++-------
Melee: Flail             |   126 |   157 |   434 |    73 ||   790
Invok: Convert to Beogh  |       |       |     1 |       ||     1
  Use: Scroll            |     1 |     3 |     2 |       ||     6
       Potion            |       |       |     1 |       ||     1
  Eat: Chunk             |     1 |     3 |    11 |     6 ||    21
       Bread ration      |       |     1 |       |       ||     1
Armor: Scale mail        |    65 |    66 |       |       ||   131
       Chain mail        |       |     5 |    76 |       ||    81
       Plate armour      |       |       |    86 |    40 ||   126
Dodge: Dodged            |    50 |    55 |    73 |    20 ||   198
Block: Shield            |    85 |   118 |   273 |    45 ||   521
